 Dungeon Crawl Stone Soup version 0.30.0-5-g1a98f26d00 (webtiles) character file.

Game seed: 4111770897300870822

8389 Adrian566 the Covert (level 11, -13/80 HPs)
             Began as a Vampire Gladiator on May 8, 2023.
             Was an Initiate of Gozag.
             Killed by divine providence
             ... invoked by an orc priest
              (15 damage)
             ... on level 10 of the Dungeon.
             The game lasted 00:12:28 (10813 turns).

Adrian566 the Covert (Vampire Gladiator)           Turns: 10813, Time: 00:12:29

Health: -13/80     AC: 26    Str: 11    XL:     11   Next: 9%
Magic:  11/11      EV:  4    Int: 10    God:    Gozag
Gold:   2468       SH: 11    Dex: 21    Spells: 10/10 levels left

rFire   . . .        E - +4 short sword (venom)
rCold   . . .        x - +0 buckler
rNeg    + + .        q - +0 plate armour
rPois   .            c - +0 helmet
rElec   +            H - +1 cloak
rCorr   +            k - +0 pair of gloves
SInv    +            y - +0 pair of boots
Will    +....        r - amulet of reflection
Stlth   +            L - +4 ring of protection
HPRegen 0.53/turn    i - ring "Erhuf" {rElec rN++ rCorr AC+4 Str-2}
MPRegen 0.12/turn

%: reflection
@: healing quickly
A: alive, fangs 3, see invisible, vampiric 2
a: Exsanguinate, Renounce Religion, Potion Petition, Call Merchant, Bribe Branch


You were on level 10 of the Dungeon.
You worshipped Gozag.
Gozag was most pleased with you.
You visited 3 branches of the dungeon, and saw 12 of its levels.

You collected 2726 gold pieces.
You spent 222 gold pieces at shops.
You paid 36 gold pieces to Gozag.

Inventory:

Hand Weapons
 a - a +0 long sword
 E - a +4 short sword of venom (weapon)
Missiles
 d - 4 throwing nets
 e - a javelin
Armour
 b - a +0 leather armour
 c - a +0 helmet (worn)
 k - a +0 pair of gloves (worn)
 q - a +0 plate armour (worn)
 x - a +0 buckler (worn)
 y - a +0 pair of boots (worn)
 B - a +2 tower shield of positive energy
 H - a +1 cloak (worn)
Jewellery
 g - an amulet of magic regeneration
 i - the ring "Erhuf" (right hand) {rElec rN++ rCorr AC+4 Str-2}
   (You acquired it on level 5 of the Dungeon)

   [ring of protection]

   AC:        It affects your AC (+4).
   Str:       It affects your strength (-2).
   rElec:     It insulates you from electricity.
   rN:        It greatly protects you from negative energy.
   rCorr:     It protects you from acid and corrosion.
 l - a ring of willpower
 r - an amulet of reflection (around neck)
 s - the ring "Emnill" {Wiz rF- rCorr Slay+2}
   (You found it on level 10 of the Dungeon)

   [ring of wizardry]

   It improves your spell success rate.
   Slay:      It affects your accuracy & damage with ranged weapons and melee
   (+2).
   rF:        It makes you vulnerable to fire.
   rCorr:     It protects you from acid and corrosion.
 I - a +6 ring of intelligence
 L - a +4 ring of protection (left hand)
Wands
 n - a wand of acid (8) (quivered)
Scrolls
 f - a scroll of amnesia
 o - 4 scrolls of poison
 v - a scroll of fear
 C - 3 scrolls of blinking
 J - a scroll of magic mapping
 M - a scroll of vulnerability
Potions
 h - 5 potions of curing
 j - 3 potions of magic {unknown}
 m - 2 potions of resistance
 p - 5 potions of brilliance
 t - a potion of attraction
 u - a potion of flight
 w - 2 potions of degeneration {unknown}
 z - 4 potions of heal wounds {unknown}
 A - a potion of ambrosia
 D - 2 potions of lignification {unknown}
 K - 2 potions of berserk rage


   Skills:
 + Level 5.5 Fighting
 * Level 11.1(11.3) Short Blades
 - Level 3.0(7.1) Long Blades
 + Level 1.8 Throwing
 + Level 5.8 Armour
 + Level 5.4 Dodging
 * Level 12.0 Stealth
 + Level 4.8 Shields
 + Level 1.1 Evocations


You had 10 spell levels left.
You didn't know any spells.
Your spell library contained the following spells:

 Spells                   Type           Power      Damage    Failure   Level
 Beastly Appendage        Tmut           0%         N/A       100%        1
 Lesser Beckoning         Tloc           0%         N/A       100%        2
 Sublimation of Blood     Necr           0%         N/A       100%        2
 Wereblood                Tmut           0%         N/A       100%        2
 Gell's Gravitas          Tloc           0%         N/A       100%        3
 Ozocubu's Armour         Ice            0%         N/A       100%        3
 Spider Form              Tmut/Pois      0%         N/A       100%        3
 Teleport Other           Tloc           0%         N/A       100%        3
 Vhi's Electric Charge    Tloc/Air       0%         N/A       100%        3
 Volatile Blastmotes      Fire/Tloc      0%         2d10      100%        3
 Fulminant Prism          Conj/Hex       0%         3d5       100%        4
 Iskenderun's Mystic Bla  Conj/Tloc      0%         2d3       100%        4
 Petrify                  Tmut/Erth      0%         N/A       100%        4
 Irradiate                Conj/Tmut      0%         3d11      100%        5
 Lee's Rapid Deconstruct  Erth           0%         3d4*      100%        5
 Summon Forest            Summ/Tloc      0%         N/A       100%        5
 Malign Gateway           Summ/Tloc      0%         N/A       100%        7


Dungeon Overview and Level Annotations

Branches:
Dungeon (10/15)            Temple (1/1) D:6            Lair (1/5) D:8
    Orc (0/2) D:10

Altars:
Ashenzari
Cheibriados
Dithmenos
Fedhas
Gozag
Hepliaklqana
Kikubaaqudgha
Makhleb
Nemelex Xobeh
Okawaru
Qazlal
Ru
Sif Muna
Trog
Uskayaw
Vehumet
Wu Jian
Xom
Yredelemnul

Shops:
D:10 [(


Innate Abilities, Weirdness & Mutations

Your natural rate of healing is accelerated.
You have razor-sharp teeth.
You have supernaturally acute eyesight. (SInv)
You are afflicted with vampirism and can become a bat while bloodless.


Message History

You are too injured to fight recklessly!
You are too injured to fight recklessly!
You are too injured to fight recklessly!
You are too injured to fight recklessly!
You are too injured to fight recklessly!
You are too injured to fight recklessly!
You are too injured to fight recklessly!
You are too injured to fight recklessly!
You are too injured to fight recklessly!
You are too injured to fight recklessly!
You are too injured to fight recklessly!
You are too injured to fight recklessly!
You are too injured to fight recklessly!
You are too injured to fight recklessly!
You are too injured to fight recklessly!
You are too injured to fight recklessly!
You are too injured to fight recklessly!
You are too injured to fight recklessly!
Unknown command.
You hit the two-headed ogre.
The two-headed ogre is severely wounded.
You hit the two-headed ogre.
The two-headed ogre looks as sick as possible!
You bite the two-headed ogre.
The two-headed ogre is almost dead.
The orc hits you but does no damage. The orc attacks as you move away!
The orc hits you with a +0 war axe.
The two-headed ogre attacks as you move away!
The two-headed ogre hits you with a +0 giant club.
You block the two-headed ogre's attack. The orc attacks as you move away!
You block the orc's attack.
The two-headed ogre attacks as you move away!
The two-headed ogre hits you with a +0 giant club!!
* * * LOW HITPOINT WARNING * * *
The two-headed ogre hits you with a +0 giant spiked club.
* * * LOW HITPOINT WARNING * * *
The orc priest invokes the aid of Beogh against you.
Beogh smites you!
You die...
Your body crumbles into a pile of gold.

#........#####....
#....~~..## #....
#....≈~...# ###.#
#....~~...### ##)#
#....~~.....###..#
#.........#.......
#######.........#.......
###...............#.......
........o@###.###.#.......
......oo..# #.###.........
.......O..# #........#....
###.......# #####.........
#:......# #......... $
..........#######>#.##....
##........##........##....
#....######........##....
#.... #..............


You could see a two-headed ogre (extremely poisoned), an orc warrior, an orc
priest and an orc.

Vanquished Creatures
  Erica (D:8)
  Pikel (D:8)
  Maggie (D:8)
  A rime drake (D:8)
  A troll (D:9)
  2 hornets
  A polar bear (D:8)
  8 yaks
  A wyvern (D:8)
  An acid dragon (D:8)
  5 orc warriors
  5 ice beasts
  2 sky beasts
  A black bear (D:6)
  2 ogres (D:6)
  A wolf (D:8)
  5 centaurs
  A phantom (D:5)
  A lemure (D:7)
  3 bullfrogs
  A kobold brigand (D:7)
  4 scorpions
  11 wights
  4 killer bees (D:6)
  2 howler monkeys (D:9)
  3 hounds
  2 jellies
  8 orc priests
  7 iguanas
  A sleepcap (D:5)
  15 orc wizards
  Natasha (thrice) (D:2)
  4 gnolls
  5 adders
  5 white imps
  An ufetubus (D:5)
  2 worms (D:2)
  2 dart slugs
  51 orcs
  7 ball pythons
  5 bats
  4 endoplasms
  10 goblins
  11 hobgoblins
  7 jackals (D:4)
  3 quokkas
  3 frilled lizards
  16 kobolds
  9 rats
250 creatures vanquished.

Notes
Turn   | Place    | Note
-------+----------+-------------------------------------------
     0 | D:1      | Adrian566 the Vampire Gladiator began the quest for the
                  | Orb.
     0 | D:1      | Reached XP level 1. HP: 16/16 MP: 1/1
   150 | D:1      | Reached skill level 1 in Stealth
   152 | D:1      | Got Sif Muna's Compilation of Icy Locality
   196 | D:1      | Reached XP level 2. HP: 22/22 MP: 2/2
   273 | D:1      | Reached skill level 2 in Stealth
   634 | D:1      | Gained mutation: You are afflicted with vampirism and can
                  | become a bat while bloodless. [Vampire growth]
   634 | D:1      | Reached XP level 3. HP: 23/27 MP: 3/3
   784 | D:2      | Reached skill level 1 in Short Blades
   789 | D:2      | Noticed Natasha
   799 | D:2      | Killed Natasha
   883 | D:2      | Noticed Natasha
   894 | D:2      | Killed Natasha
   895 | D:2      | Reached XP level 4. HP: 26/33 MP: 4/4
   918 | D:2      | Reached skill level 3 in Stealth
   923 | D:2      | Reached skill level 1 in Armour
  1124 | D:2      | Noticed Natasha
  1131 | D:2      | Killed Natasha
  1647 | D:3      | Reached XP level 5. HP: 38/38 MP: 5/5
  1891 | D:3      | Found a stormy altar of Qazlal.
  2069 | D:3      | Found a broken altar of Ashenzari.
  2162 | D:3      | Found an opulent altar of Gozag.
  2162 | D:3      | Found a hide-covered altar of Uskayaw.
  2399 | D:3      | Became a worshipper of Gozag Ym Sagoz the Greedy
  2482 | D:4      | Reached skill level 4 in Stealth
  2892 | D:4      | Reached skill level 5 in Stealth
  3106 | D:4      | Reached XP level 6. HP: 44/44 MP: 6/6
  3250 | D:5      | Entered Level 5 of the Dungeon
  3284 | D:5      | Identified 2 scrolls of acquirement
  3284 | D:5      | Acquired 727 gold pieces
  3297 | D:5      | Acquired the ring "Erhuf" {rElec rN++ rCorr AC+4 Str-2}
  3478 | D:5      | Reached skill level 6 in Stealth
  3658 | D:5      | Reached XP level 7. HP: 51/51 MP: 7/7
  3994 | D:5      | Reached skill level 7 in Stealth
  4079 | D:5      | Reached skill level 5 in Short Blades
  4436 | D:6      | Found a radiant altar of Vehumet.
  4440 | D:6      | Found a staircase to the Ecumenical Temple.
  4488 | D:6      | Reached skill level 1 in Shields
  4488 | D:6      | Reached XP level 8. HP: 5/56 MP: 8/8
  4493 | Temple   | Entered the Ecumenical Temple
  4856 | D:6      | Found a shadowy altar of Dithmenos.
  5213 | D:6      | Reached skill level 8 in Stealth
  6884 | D:6      | Reached XP level 9. HP: 50/64 MP: 9/9
  6974 | D:6      | Found a runed translucent door.
  7259 | D:6      | Reached skill level 9 in Stealth
  7647 | D:7      | Reached skill level 1 in Evocations
  7790 | D:7      | Found a hazy altar of Hepliaklqana.
  7850 | D:7      | Identified the +10 trident of the Fox {vamp, *Rage rElec
                  | rN+}
  8558 | D:8      | Noticed Maggie
  8586 | D:8      | Killed Maggie
  8587 | D:8      | Reached skill level 10 in Stealth
  8875 | D:8      | Reached skill level 5 in Dodging
  8909 | D:8      | Noticed Pikel
  8939 | D:8      | Killed Pikel
  8940 | D:8      | Reached XP level 10. HP: 38/73 MP: 10/10
  9146 | D:8      | Noticed Erica
  9168 | D:8      | Killed Erica
  9169 | D:8      | Reached skill level 10 in Short Blades
  9169 | D:8      | Reached skill level 5 in Armour
  9242 | D:8      | Found a staircase to the Lair.
  9257 | D:8      | Reached skill level 11 in Stealth
  9671 | Lair:1   | Entered Level 1 of the Lair of Beasts
  9708 | D:9      | Reached skill level 5 in Fighting
 10500 | D:10     | Entered Level 10 of the Dungeon
 10561 | D:10     | Reached XP level 11. HP: 71/80 MP: 11/11
 10650 | D:10     | Paralysed by a hornet for 3 turns
 10659 | D:10     | Reached skill level 12 in Stealth
 10711 | D:10     | Identified the ring "Emnill" {Wiz rF- rCorr Slay+2}
 10723 | D:10     | Found Leos's Armour Shoppe.
 10723 | D:10     | Found a staircase to the Orcish Mines.
 10724 | D:10     | Found Akkyus's Weapon Shoppe.
 10736 | D:10     | Bought a +2 tower shield of positive energy for 222 gold
                  | pieces
 10801 | D:10     | Noticed a two-headed ogre
 10813 | D:10     | HP: 2/80 [two-headed ogre/+0 giant club (6)]
 10813 | D:10     | Killed from afar by an orc priest

Illustrated notes

Levels and vault maps discovered:
D:1:      nzn_arrival_settlement, layout_basic, kennysheep_small_spiral
D:2:      layout_basic, uniq_natasha
D:3:      layout_loops_corners, marbit_many_paths, mainiacjoe_overflow_catwalk,
          gammafunk_temple_overflow_pools, dk_noncrumbling_4
D:4:      layout_loops_ring
D:5:      layout_loops_corners
D:6:      nicolae_whirlpool, layout_basic, nicolae_dithmenos_shadow_blocks,
          mainiacjoe_overflow_concentric_impassable, elyvilon_altar_1,
          minmay_temple_entry_trees, lightli_church_of_beogh
D:7:      layout_loops_corners, nicolae_hepliaklqana_hazy_memory
D:8:      layout_gridville, hellmonk_lair_entry_icy, hellmonk_bongcloud_opening,
          minmay_misc_feat_encased, uniq_erica, uniq_maggie, uniq_pikel
D:9:      layout_roguey
D:10:     layout_basic, orc_david_3, minmay_quadrilaterals
Temple:   nicolae_temple_two_arcs
Lair:1:   layout_misc_corridors, serial_bayou_shore_b, grunt_megastairs_2

Skill      XL: |  1  2  3  4  5  6  7  8  9 10 11 |
---------------+----------------------------------+-----
Stealth        | 1 2 3 5 6 7 8 10 11 12 | 12.0
Short Blades   | 1 2 3 4 5 7 9 11 | 11.1
Fighting       | 2 3 4 5 |  5.5
Dodging        | 4 5 |  5.4
Armour         | 1 2 3 4 5 |  5.8
Shields        | 1 2 3 4 |  4.8
Evocations     | 1 |  1.1
Long Blades    | |  3.0
Throwing       | |  1.8

Action                     |  1- 3 |  4- 6 |  7- 9 | 10-12 || total
---------------------------+-------+-------+-------+-------++-------
  Melee: Short sword       |    63 |   221 |   558 |   330 ||  1172
         Bite              |     5 |    20 |    78 |    54 ||   157
         Punch             |     2 |       |       |       ||     2
  Evoke: Wand              |       |       |     7 |       ||     7
    Use: Scroll            |       |     7 |     7 |     7 ||    21
         Potion            |       |       |     1 |     2 ||     3
   Stab: Sleeping          |     4 |    14 |     2 |       ||    20
         Distracted        |       |     1 |     3 |     2 ||     6
         Fleeing           |       |       |     1 |       ||     1
         Invisible         |       |       |       |     2 ||     2
 Armour: Leather armour    |    13 |    52 |       |       ||    65
         Plate armour      |       |       |   237 |   123 ||   360
  Dodge: Dodged            |    29 |    91 |   137 |    42 ||   299
  Block: Buckler           |       |    11 |   121 |   104 ||   236
         Reflection        |       |       |       |     2 ||     2
